Map: Odyssee LE

Players

Panda

  • Race: Zerg Zerg
  • League: Diamond
  • Spawn Location: 5:00

apocalisse - Winner!

  • Race: Zerg Zerg
  • Spawn Location: 11:00

VOD

Have the link to the VOD?

Description

Time

  • Played on: Sept. 9, 2017, 9:09 p.m.
  • Length: 7:43
Show
View Real Time Build Order
Export as new Build Order

Panda Zerg 

Build Orders: Pool Only 

Get SALT Encoding   

  12  0:01  Drone  
  13  0:18  Extractor  
  12  0:25  Spawning Pool  
  12  0:27  Drone  
  12  0:32  Drone  
  13  0:36  Drone  
  14  0:46  Overlord  
  14  1:12  Zergling x6  
  14  1:14  Queen  
  19  1:24  Metabolic Boost  
  19  1:29  Zergling x2  
  20  1:34  Zergling x2  
  21  1:44  Zergling x2  
  22  1:49  Baneling Nest  
  21  1:57  Overlord  
  21  2:05  Zergling x2  
  22  2:16  Zergling x2  
  22  2:21  Zergling x2  
  24  2:29  Zergling x6  
  25  2:41  Zergling x2  
  25  2:46  Baneling x2  
  25  2:52  Zergling x2  
  25  3:11  Zergling x6  
  26  3:29  Zergling x2  
  26  3:30  Zergling x6  
  27  3:38  Baneling x3  
  27  3:40  Zergling x2  
  24  4:06  Zergling x4  
  24  4:13  Zergling x4  
  23  4:28  Zergling x6  
  24  4:31  Baneling  
  24  4:32  Baneling  
  24  4:40  Zergling x2  
  21  4:56  Zergling x6  
  19  5:19  Overlord x2  
  19  5:20  Zergling x4  
  19  5:21  Zergling x2  
  22  5:31  Zergling x2  
  21  5:45  Zergling x8  
  25  5:56  Baneling  
  25  5:57  Baneling  
  25  5:59  Zergling x2  
  25  6:07  Baneling  
  25  6:08  Baneling  
  25  6:11  Zergling x2  
  24  6:26  Baneling x6  
  24  6:32  Zergling x6  
  21  6:56  Zergling x4  
  21  7:00  Zergling x2  
  20  7:15  Zergling x6  
  20  7:21  Baneling  
  20  7:22  Baneling x3  
  23  7:23  Zergling x2  
Show
View Real Time Build Order
Export as new Build Order

apocalisse Zerg - Winner!

Build Orders: Pool First, Zergling Baneling 

Get SALT Encoding   

  12  0:01  Drone  
  13  0:12  Overlord  
  13  0:16  Drone  
  14  0:22  Extractor  
  14  0:23  Drone  
  15  0:30  Drone  
  15  0:35  Drone  
  17  0:45  Extractor  
  17  0:46  Drone  
  17  0:52  Spawning Pool  
  17  0:55  Drone  
  17  1:08  Drone  
  18  1:17  Drone  
  19  1:28  Hatchery  
  18  1:38  Queen  
  20  1:40  Zergling x4  
  22  1:52  Metabolic Boost  
  22  1:54  Spine Crawler  
  22  1:57  Zergling x2  
  22  2:04  Overlord  
  22  2:23  Baneling Nest  
  21  2:35  Zergling x2  
  21  2:36  Queen, Zergling x4  
  21  2:48  Zergling x6  
  24  2:55  Zergling x2  
  25  3:04  Zergling x2  
  23  3:07  Baneling  
  23  3:08  Baneling  
  23  3:11  Zergling x2  
  23  3:12  Zergling x4  
  24  3:15  Zergling x2  
  23  3:29  Zergling x2  
  23  3:34  Baneling x2  
  23  3:35  Queen  
  23  3:39  Baneling  
  23  3:40  Baneling  
  22  3:53  Baneling x2  
  21  3:56  Drone x3  
  23  4:03  Zergling x2  
  23  4:04  Zergling x2  
  25  4:12  Zergling x2  
  25  4:19  Queen  
  27  4:25  Baneling x2  
  27  4:27  Baneling x2  
  26  4:34  Zergling x4  
  28  4:44  Zergling x2  
  28  4:48  Zergling x2  
  28  4:49  Zergling x2  
  29  4:58  Zergling x2  
  29  4:59  Zergling x2  
  29  5:05  Baneling  
  29  5:08  Baneling  
  29  5:15  Zergling x2  
  29  5:17  Baneling x2  
  30  5:35  Zergling x2  
  29  5:36  Overlord x3, Zergling x2  
  29  5:46  Baneling x2  
  29  5:54  Queen  
  30  6:02  Zergling x2  
  30  6:05  Zergling x2  
  30  6:06  Baneling  
  30  6:07  Baneling  
  30  6:09  Zergling x2  
  32  6:16  Hatchery  
  29  6:31  Zergling x2  
  29  6:32  Zergling x2  
  29  6:50  Baneling  
  26  6:55  Zergling x2  
  26  6:57  Zergling x2  
  26  7:01  Baneling x2  
  26  7:02  Baneling x2  
  26  7:06  Zergling x8  
  32  7:22  Zergling x2  
  33  7:29  Drone  
Tags
 
League
Diamond
Matchup
ZvZ
Race
Zerg
Replay Pack
replays1
Spawn Locations
Cross Positions
Add a new tag
Caveats
  • Supply blocks, unpowered buildings, or Contaminate may cause inaccurate times.
  • Supply counts are checked every 10 seconds.